 Dungeon Crawl Stone Soup version 0.29.1-12-g30fa7ad0bf (webtiles) character file.

Game seed: 10389627573076473097

12961 Gabide the Basher (level 12, -2/99 HPs)
             Began as a Formicid Berserker on Dec 25, 2022.
             Was a High Priest of Trog.
             Slain by a black mamba (7 damage)
             ... while petrified by a catoblepas
             ... on level 1 of the Lair of Beasts.
             The game lasted 00:23:48 (10881 turns).

Gabide the Basher (Formicid Berserker)             Turns: 10881, Time: 00:23:49

Health: -2/99      AC: 12    Str: 31    XL:     12   Next: 26%
Magic:  21/21      EV:  2    Int:  9    God:    Trog [*****.]
Gold:   242        SH:  0    Dex: 13    Spells: 11/11 levels left

rFire   . . .      SeeInvis +   w - +7 eveningstar
rCold   . . .      Faith    .   (no shield)
rNeg    + + +      Spirit   .   x - +2 troll leather armour
rPois   ∞          Reflect  .   (helmet unavailable)
rElec   .          Harm     .   J - +2 cloak
rCorr   .          Rampage  .   y - +2 pair of gloves
Will    +....                   (no boots)
Stlth   +.........              f - amulet of regeneration
HPRegen 1.86/turn               F - ring of magical power
MPRegen 0.17/turn               a - +6 ring of strength

@: lethally poisoned (-2 -> -2), petrified
A: permanent stasis, dig shafts and tunnels, antennae 3, four strong arms
a: Dig, Shaft Self, Renounce Religion, Trog's Hand, Brothers in Arms


You were on level 1 of the Lair of Beasts.
You worshipped Trog.
Trog was extremely pleased with you.
You visited 2 branches of the dungeon, and saw 11 of its levels.

You collected 947 gold pieces.
You spent 705 gold pieces at shops.

Inventory:

Hand Weapons
 t - a +2 vorpal dire flail
 w - a +7 eveningstar (weapon)
Missiles
 b - 16 boomerangs (quivered)
 j - 18 boomerangs of dispersal
 s - a curare-tipped dart
 I - 5 javelins
Armour
 x - a +2 troll leather armour (worn)
 y - a +2 pair of gloves (worn)
 J - a +2 cloak (worn)
Jewellery
 a - a +6 ring of strength (right hand)
 f - an amulet of regeneration (around neck)
 F - a ring of magical power (left hand)
Wands
 i - a wand of flame (44)
 m - a wand of charming (11)
 q - a wand of roots (2)
 u - a wand of mindburst (26)
Scrolls
 c - 3 scrolls of poison
 d - a scroll of brand weapon {unknown}
 h - 5 scrolls of enchant weapon
 l - 3 scrolls of fear
 n - 2 scrolls of butterflies
 p - 3 scrolls of silence
 C - a scroll of vulnerability
 E - a scroll of noise {unknown}
 G - a scroll of amnesia {unknown}
Potions
 e - 9 potions of curing
 g - a potion of lignification {unknown}
 k - 8 potions of degeneration
 r - a potion of invisibility
 v - 2 potions of flight
 z - 2 potions of ambrosia
 A - a potion of heal wounds
 B - 4 potions of attraction {unknown}
Miscellaneous
 o - a phantom mirror


   Skills:
 + Level 10.9 Fighting
 * Level 13.7 Maces & Flails
 - Level 2.1 Armour
 + Level 8.9 Dodging


You had 11 spell levels left.
You didn't know any spells.
Your spell library was empty.

Dungeon Overview and Level Annotations

Branches:
Dungeon (10/15)            Temple (0/1) D:6            Lair (1/5) D:10
    Orc (0/2) D:10

Altars:
Cheibriados
Elyvilon
Fedhas
Kikubaaqudgha
Trog
Vehumet
Wu Jian
Zin

Shops:
D:2 [   D:3 *   D:5 (   D:6 :   D:7 [   D:10 [


Innate Abilities, Weirdness & Mutations

You cannot be hasted, slowed, berserked, paralysed or teleported.
You can dig through walls and to a lower floor.
You have a pair of large antennae on your head. (SInv)
Your four strong arms can wield two-handed weapons with a shield.


Message History

You are slowing down.
The black mamba bites you!
You are poisoned.
The black mamba poisons you!
The black mamba bites you but does no damage.
The catoblepas breathes a plume of calcifying dust at you.
The blast of calcifying dust hits you but does no damage.
Unknown command.
You feel very sick. The black mamba barely misses you.
The black mamba bites you but does no damage.
Your limbs are stiffening.
You feel much better.
You feel very sick. The black mamba barely misses you.
The black mamba bites you! The catoblepas gores you!!
The black mamba closely misses you.
The catoblepas breathes a plume of calcifying dust at you.
The blast of calcifying dust hits you but does no damage.
You have turned to stone.
You are engulfed in calcifying dust.
The black mamba bites you but does no damage.
The black mamba bites you! The catoblepas gores you!
You are engulfed in calcifying dust.
The black mamba bites you! x2
The catoblepas completely misses you.
You are engulfed in calcifying dust.
The black mamba barely misses you. The catoblepas completely misses you.
The black mamba bites you! x2; The catoblepas gores you.
The black mamba bites you! x2; The catoblepas gores you!
The black mamba bites you! The black mamba bites you.
The catoblepas barely misses you. The black mamba bites you!
* * * LOW HITPOINT WARNING * * *
The black mamba bites you. The catoblepas gores you!!
* * * LOW HITPOINT WARNING * * *
The black mamba bites you.
* * * LOW HITPOINT WARNING * * *
The catoblepas gores you!!
* * * LOW HITPOINT WARNING * * *
The black mamba bites you!
You die...

..## .#.. ..P#
.#..............
..P#######...............
...#..##.................
†..........##............
..P.......P##............
.P####.....#.............
P## ##......##...S.......
## ##...#(...#..@Y.......
# #P...###......†......#
# ##.....###...........##
# #.....## ##.?......###
###.....# ###.....##
.###....# ##...## ##
###P## .#.P# # ### ##..#
# #P..#


You could see a catoblepas and a black mamba.

Vanquished Creatures
  A hydra (D:10)
  Urug (D:10)
  Pikel (D:7)
  A deep elf pyromancer (D:7)
  An oklob plant (D:10)
  Maurice (D:10)
  A komodo dragon (D:7)
  A troll (D:9)
  A shadow (D:9)
  2 wraiths
  Grum (D:10)
  2 wyverns
  Eustachio (D:5)
  A steam dragon (D:7)
  13 yaks
  Menkaure (D:5)
  An acid dragon (D:10)
  2 water moccasins
  A swamp drake (D:10)
  7 orc warriors
  2 black bears
  A sky beast (D:7)
  An ogre (D:3)
  9 wolves
  A phantom (D:4)
  2 centaurs (D:9)
  5 kobold brigands
  Blork the orc (D:5)
  5 bullfrogs
  4 scorpions
  A gnoll sergeant (D:7)
  19 wights
  25 killer bees
  A howler monkey (D:9)
  A jelly (D:6)
  9 orc priests
  A gnoll bouda (D:8)
  5 hounds
  3 iguanas
  8 orc wizards
  12 gnolls
  7 adders
  3 shadow imps
  An ufetubus (D:7)
  2 worms
  3 dart slugs
  38 orcs
  6 endoplasms
  4 giant cockroaches (D:1)
  7 goblins
  7 hobgoblins
  2 jackals (D:3)
  7 quokkas
  10 ball pythons
  7 bats
  A frilled lizard (D:2)
  12 kobolds
  4 rats
278 creatures vanquished.

Vanquished Creatures (others)
  3 plants
3 creatures vanquished.

Grand Total: 281 creatures vanquished

Notes
Turn   | Place    | Note
-------+----------+-------------------------------------------
     0 | D:1      | Gabide the Formicid Berserker began the quest for the Orb.
     0 | D:1      | Reached XP level 1. HP: 18/18 MP: 1/1
   171 | D:1      | Reached XP level 2. HP: 24/24 MP: 2/2
   845 | D:1      | Reached XP level 3. HP: 25/29 MP: 3/3
  1372 | D:1      | Found a faded altar of an unknown god.
  1567 | D:1      | Reached ** piety under Trog
  1788 | D:2      | Found Gagheuts's Antique Armour Shop.
  2041 | D:2      | Reached XP level 4. HP: 18/37 MP: 4/4
  2423 | D:2      | Reached skill level 4 in Maces & Flails
  2995 | D:3      | Found a bloodstained altar of Trog.
  3018 | D:3      | Found Jodosush's Assorted Antiques.
  3108 | D:3      | Reached XP level 5. HP: 42/42 MP: 5/5
  3886 | D:4      | Noticed an ogre
  3893 | D:3      | Killed an ogre
  3894 | D:3      | Reached skill level 5 in Maces & Flails
  3894 | D:3      | Reached XP level 6. HP: 32/49 MP: 6/6
  3947 | D:4      | You fall into a shaft and drop 2 floors!
  3975 | D:6      | Reached XP level 7. HP: 55/55 MP: 7/7
  3995 | D:6      | Found Hisua's Book Boutique.
  4047 | D:6      | Reached skill level 5 in Fighting
  4087 | D:6      | Found a staircase to the Ecumenical Temple.
  4124 | D:6      | Reached skill level 6 in Maces & Flails
  4177 | D:5      | Entered Level 5 of the Dungeon
  4222 | D:5      | Reached *** piety under Trog
  4281 | D:5      | Noticed Eustachio
  4286 | D:5      | Killed Eustachio
  4421 | D:4      | Reached XP level 8. HP: 57/63 MP: 8/8
  4919 | D:4      | Reached skill level 7 in Maces & Flails
  5170 | D:5      | Noticed Menkaure
  5174 | D:5      | Killed Menkaure
  5307 | D:5      | Found a glowing silver altar of Zin.
  5745 | D:2      | Bought a runed troll leather armour for 360 gold pieces
  5901 | D:5      | Reached skill level 8 in Maces & Flails
  5901 | D:5      | Reached XP level 9. HP: 63/71 MP: 9/9
  5989 | D:5      | Reached skill level 5 in Dodging
  6021 | D:5      | Found Exea's Antique Weapon Shop.
  6065 | D:5      | Found a white marble altar of Elyvilon.
  6065 | D:5      | Found an ornate altar of the Wu Jian Council.
  6210 | D:5      | Noticed Blork the orc
  6214 | D:5      | Killed Blork the orc
  6538 | D:6      | Identified the +1 leather armour of the Soldier {+Inv rPois
                  | rCorr Dex-3}
  6554 | D:6      | Found a blossoming altar of Fedhas.
  6555 | D:6      | Found an ancient bone altar of Kikubaaqudgha.
  6745 | D:2      | Bought a pair of gloves for 90 gold pieces
  6855 | D:7      | Noticed Pikel
  6867 | D:7      | Killed Pikel
  6868 | D:7      | Reached skill level 9 in Maces & Flails
  7227 | D:7      | Reached XP level 10. HP: 73/77 MP: 10/10
  7285 | D:7      | Found Cheibriados's Comfort Zone.
  7292 | D:7      | Reached skill level 10 in Maces & Flails
  7298 | D:7      | Found a snail-covered altar of Cheibriados.
  7569 | D:7      | Noticed a deep elf pyromancer
  7569 | D:7      | Noticed a komodo dragon
  7575 | D:7      | Killed a deep elf pyromancer
  7581 | D:7      | Killed a komodo dragon
  7765 | D:2      | Bought a cloak for 90 gold pieces
  7939 | D:8      | Reached skill level 11 in Maces & Flails
  8015 | D:8      | Reached **** piety under Trog
  8377 | D:8      | Reached XP level 11. HP: 84/89 MP: 11/11
  8625 | D:9      | Found a radiant altar of Vehumet.
  8827 | D:9      | Reached skill level 12 in Maces & Flails
  9457 | D:9      | Reached skill level 10 in Fighting
  9699 | D:10     | Entered Level 10 of the Dungeon
  9706 | D:10     | Found a staircase to the Lair.
  9706 | D:10     | Noticed an oklob plant
  9770 | D:10     | Killed an oklob plant
  9805 | D:10     | Noticed Urug
  9809 | D:10     | Noticed a six-headed hydra
  9828 | D:10     | Killed Urug
  9841 | D:10     | Killed a six-headed hydra
  9862 | D:10     | Reached skill level 13 in Maces & Flails
  9890 | D:10     | Found Vemit's Antique Armour Shoppe.
  9898 | D:10     | Bought a runed cloak for 165 gold pieces
 10030 | D:10     | Reached XP level 12. HP: 68/93 MP: 12/12
 10135 | D:10     | Identified the +7 rapier of the Kissing Visionary {freeze,
                  | rElec}
 10151 | D:10     | Noticed Maurice
 10159 | D:10     | Killed Maurice
 10364 | D:10     | Noticed Grum
 10381 | D:10     | Killed Grum
 10460 | D:10     | Reached ***** piety under Trog
 10677 | D:10     | Found a staircase to the Orcish Mines.
 10698 | D:10     | Received a gift from Trog
 10803 | Lair:1   | Entered Level 1 of the Lair of Beasts
 10860 | Lair:1   | Noticed a catoblepas
 10880 | Lair:1   | HP: 3/99 [catoblepas (12)]
 10881 | Lair:1   | Slain by a black mamba

Illustrated notes

Levels and vault maps discovered:
D:1:      heliophobic_arrival_glass_houses, layout_basic,
          shapermc_ecumenical_altar_hornbeckon, patterned_corridor
D:2:      layout_basic, serial_shops, nicolae_shop_trees,
          minmay_indecisive_spiral
D:3:      layout_basic, lemuel_tele_altar, serial_shops, nicolae_shop_stone
D:4:      layout_cave_pods, saegor_snake_ambush
D:5:      minmay_inner_zag, layout_basic, nicolae_overflow_two_pavilions,
          lemuel_doored_altar, serial_shops, nicolae_shop_waterfront,
          dk_noncrumbling_4, minmay_misc_feat_doors, uniq_eustachio,
          uniq_blork_the_orc, uniq_menkaure
D:6:      layout_rooms, grunt_temple_overflow_growth_and_decay,
          minmay_temple_entry_glass, serial_shops, nicolae_shop_stone,
          minmay_unpleasant_kobolds
D:7:      minmay_cornered_nines, layout_basic, minmay_shop_chei, dk_vineyard_1,
          uniq_pikel
D:8:      layout_rooms, hangedman_decor_growths
D:9:      minmay_razor_zed, layout_loops_ring, vehumet_crystals
D:10:     layout_long_grid, dpeg_oklobed_lair, erik_orc_1, serial_shops,
          nicolae_shop_trees, hangedman_glass_teeth, uniq_maurice, uniq_grum,
          uniq_urug
Lair:1:   beast_lair_carwin_large_3, layout_cave_pods

Skill      XL: |  1  2  3  4  5  6  7  8  9 10 11 |
---------------+----------------------------------+-----
Dodging        | 2 3 4 6 7 8 |  8.9
Maces & Flails | 4 5 6 8 9 11 13 | 13.7
Fighting       | 4 5 6 7 9 10 | 10.9
Armour         | |  2.1

Action                   |  1- 3 |  4- 6 |  7- 9 | 10-12 || total
-------------------------+-------+-------+-------+-------++-------
Melee: Mace              |    78 |    94 |       |       ||   172
       Punch             |     1 |     1 |       |       ||     2
       Giant club        |       |    11 |   235 |   318 ||   564
       Eveningstar       |       |       |       |   147 ||   147
Throw: Dart              |     1 |     3 |       |       ||     4
       Boomerang         |    14 |    43 |     7 |    18 ||    82
Invok: Trog's Hand       |       |     2 |     3 |     6 ||    11
Evoke: Wand              |       |     3 |     3 |     9 ||    15
  Use: Scroll            |     1 |     3 |     5 |     7 ||    16
       Potion            |       |       |       |     3 ||     3
 Stab: Sleeping          |     4 |       |       |       ||     4
       Invisible         |       |       |       |     5 ||     5
       Confused          |       |       |       |     1 ||     1
Armor: Animal skin       |     9 |    14 |       |       ||    23
       Leather armour    |       |     1 |       |       ||     1
       Ring mail         |       |    19 |    56 |       ||    75
       Troll leather arm |       |       |    19 |   167 ||   186
Dodge: Dodged            |    48 |    94 |   170 |   469 ||   781
